 Dungeon Crawl Stone Soup version 0.31-a0-774-g0d66cbabe8 (webtiles) character file.

Game seed: 11697500327307156014

980 Skeral the Ruffian (level 7, -1/108 HPs)
             Began as a Troll Shapeshifter on Sept 17, 2023.
             Succumbed to a gnoll's poison
             ... on level 5 of the Dungeon.
             The game lasted 00:08:59 (3353 turns).

Skeral the Ruffian (Troll Shapeshifter)             Turns: 3353, Time: 00:09:00

Health: -1/108     AC: 23    Str: 23    XL:     7   Next: 96%
Magic:  6/6        EV:  1    Int:  6    God:
Gold:   183        SH:  0    Dex: 17    Spells: 6/6 levels left

rFire   . .          .
                       - Unarmed
rCold   + . .        (no shield)
rNeg    . . .        q - melded +3 robe "Kijimuet" {rN+}
rPois   +            (helmet currently unavailable)
rElec   .            (cloak currently unavailable)
rCorr   .            (gloves unavailable)
SInv    .            (boots unavailable)
Will    .....        (no amulet)
Stlth   ++           C - ring of protection from cold
HPRegen 1.18/turn    D - +6 ring of dexterity
MPRegen 0.10/turn

%: no passive effects
@: lethally poisoned (-1 -> -6), tree-form
A: stationary, stasis, torment immunity, boosted hp, large, unfitting armour,
(claws 3), regeneration 1, (shaggy fur 1), (tough skin 1)
a: no special abilities


You were on level 5 of the Dungeon.
You were a tree.
You visited 1 branch of the dungeon, and saw 5 of its levels.

You collected 183 gold pieces.


Innate Abilities, Weirdness & Mutations

You are a tree.
Your roots penetrate the ground, keeping you stationary.
You cannot be teleported.
You are immune to unholy pain and torment.
Your maximum health is greatly increased.
Your equipment is partially melded.
You are too large for most types of armour.
((You have claws for hands.))
Your natural rate of healing is unusually fast.
((You are covered in fur. (AC +1)))
((You have tough skin. (AC +1)))


   Skills:
 + Level 5.3 Fighting
 - Level 1.5 Dodging
 + Level 7.1 Unarmed Combat
 - Level 3.0 Shapeshifting


You had 6 spell levels left.
You didn't know any spells.
Your spell library contained the following spells:

 Spells                   Type           Power      Damage    Failure   Level
 Apportation              Tloc           0%         N/A       45%         1
 Magic Dart               Conj           0%         1d3       45%         1
 Sandblast                Erth           0%         2d4       45%         1
 Jinxbite                 Hex            0%         N/A       58%         2
 Passwall                 Tmut/Erth      0%         N/A       58%         2
 Searing Ray              Conj           0%         2d4       58%         2
 Ignite Poison            Fire/Tmut/Pois 0%         N/A       83%         3
 Stone Arrow              Conj/Erth      0%         3d7       83%         3
 Brom's Barrelling Bould  Conj/Erth      0%         2d3       99%         4
 Fulminant Prism          Conj/Hex       0%         3d5       99%         4
 Sticky Flame             Conj/Fire      0%         2d3       99%         4
 Alistair's Intoxication  Tmut/Pois      0%         N/A       100%        5
 Ignition                 Fire           0%         3d3       100%        8

Inventory:

Missiles
 p - 3 poisoned darts (quivered)
Armour
 q - the +3 robe "Kijimuet" (melded) {rN+}
   (You found it on level 4 of the Dungeon)

   rN+:       It protects you from negative energy.
Jewellery
 C - a ring of protection from cold (left branch)
   (You found it on level 1 of the Dungeon)
 D - a +6 ring of dexterity (right branch)
   (You found it on level 2 of the Dungeon)
Talismans
 c - a beast talisman
 d - a flux talisman
Scrolls
 a - a scroll of revelation {unknown}
 i - a scroll of amnesia {unknown}
 j - a scroll of enchant weapon
 m - a scroll of torment {unknown}
 n - 2 scrolls of fog
 o - a scroll of butterflies {unknown}
Potions
 f - 2 potions of haste {@q3}
 h - a potion of berserk rage {unknown}
 l - a potion of degeneration {unknown}

Dungeon Overview and Level Annotations

Branches:
Dungeon (5/15) Zot: 26656
 Temple: D:4-7

Altars:

Annotations:
D:5 Ijyb

#......#....##.##...
##..#..#.##..#......
####.......<.....#.
##.........#..##
########.......##.##.
##....# ##......#.....
#.....###.............
#..).#.......###.....
#..>♣)...............
###.)##..............
#....#.[........#...
#................###.
#.............).###..
#................#...
##.............##....
##.....#............
##..###.##..(...##.


There were no monsters in sight!


Message History

* * * LOW HITPOINT WARNING * * *
😨 HP[-9]
You take 9 damage, and now have 20/72 hp.
You mangle the gnoll!!
You kill the gnoll!
You feel sick.
The gnoll hits you from afar with a +1 spear of venom.
* * * LOW HITPOINT WARNING * * *
You are more poisoned. 😱 HP[-3]
You take 3 damage, and now have 17/72 hp.
You feel much better.
You feel very sick. The gnoll closely misses you.
The gnoll hits you from afar with a +1 spear of venom.
* * * LOW HITPOINT WARNING * * *
You are more poisoned. 😨 HP[+16]
You regained 16 hp, and now have 33/72 hp.
You barely miss the gnoll.
You feel very sick. The gnoll closely misses you. 😨 HP[-4]
You take 4 damage, and now have 29/72 hp.
You mangle the gnoll!!
You kill the gnoll!
You feel very sick. The gnoll hits you but does no damage.
You are more poisoned.
The adder barely misses you. 😨 HP[-3]
You take 3 damage, and now have 26/72 hp.
You closely miss the adder.
You feel very sick.
The gnoll hits you from afar with a +1 spear of venom.
* * * LOW HITPOINT WARNING * * *
You are more poisoned.
The adder bites you but does no damage. 😨 HP[-5]
You take 5 damage, and now have 21/72 hp.
You closely miss the adder.
* * * LOW HITPOINT WARNING * * *
You feel very sick.
The gnoll hits you from afar with a +1 spear of venom.
* * * LOW HITPOINT WARNING * * *
You are more poisoned.
The adder bites you but does no damage. 😱 HP[-9]
You take 9 damage, and now have 12/72 hp.
It was a potion of cancellation.
You feel magically purged.
* * * LOW HITPOINT WARNING * * *
You feel extremely sick. The adder barely misses you.
The gnoll barely misses you. 😱 HP[-7]
You take 7 damage, and now have 5/72 hp.
It was a potion of curing.
You feel better. The adder closely misses you.
The gnoll hits you from afar with a +1 spear of venom.
* * * LOW HITPOINT WARNING * * *
You are poisoned. 😱 HP[+6]
You regained 6 hp, and now have 11/72 hp.
You feel very sick. The adder bites you.
* * * LOW HITPOINT WARNING * * *
The gnoll closely misses you. The adder barely misses you. 😱 HP[-3]
You take 3 damage, and now have 8/72 hp.
Your transformation has ended.
You turn into a tree.
The +3 robe "Kijimuet" {rN+} melds into your body.
Your roots penetrate the ground.
You feel sick. The adder bites you but does no damage.
The gnoll hits you but does no damage.
You are more poisoned. 😱 HP[+3]
You now have 108 max hp (+36).
You regained 3 hp, and now have 11/108 hp.
You hit the gnoll.
You feel very sick. The adder bites you but does no damage.
The gnoll hits you but does no damage.
You are lethally poisoned! 😱 HP[-2]
You take 2 damage, and now have 9/108 hp.
You smack the gnoll!
* * * LOW HITPOINT WARNING * * *
You feel very sick. The adder bites you but does no damage.
The gnoll hits you with a +1 spear of venom.
* * * LOW HITPOINT WARNING * * *
😱 HP[-6]
You take 6 damage, and now have 3/108 hp.
You hit the gnoll.
You kill the gnoll!
* * * LOW HITPOINT WARNING * * *
You feel very sick. The adder barely misses you. 😱 HP[-2]
You take 2 damage, and now have 1/108 hp.
You pummel the adder!!
You kill the adder!
You die...

Skill      XL: |  1  2  3  4  5  6  7 |
---------------+----------------------+-----
Fighting       | 1 2 3 4 5 |  5.3
Unarmed Combat | 4 5 6 7 |  7.1
Dodging        | |  1.5
Shapeshifting  | |  3.0

Action                     |  1- 3 |  4- 6 |  7- 9 || total
---------------------------+-------+-------+-------++-------
  Melee: Unarmed           |    96 |   102 |    65 ||   263
         Punch             |     3 |     5 |     2 ||    10
    Use: Potion            |       |       |     6 ||     6
         Scroll            |       |       |     4 ||     4
   Stab: Sleeping          |     1 |     4 |       ||     5
 Armour: Animal skin       |    51 |    61 |     6 ||   118
         Robe              |       |       |    63 ||    63
         Skin              |       |       |     6 ||     6
  Dodge: Dodged            |    39 |    37 |    53 ||   129

Levels and vault maps discovered:
D:1:      psy_arrival_whirlpool, layout_loops_ring, patterned_corridor
D:2:      layout_basic, minmay_fractal_squares_gapless_5
D:3:      layout_loops_ring, chequers_ecumenical_altar_island
D:4:      layout_rooms, dk_noncrumbling_4
D:5:      layout_cave_pools, minmay_temple_entry_butterflies, uniq_eustachio,
          uniq_ijyb

Notes
Turn   | Place    | Note
-------+----------+-------------------------------------------
     0 | D:1      | Skeral the Troll Shapeshifter began the quest for the Orb.
     0 | D:1      | Reached XP level 1. HP: 18/18 MP: 0/0
     0 | D:1      | magus.rc [v1.10.3]
    41 | D:1      | Reached skill level 1 in Fighting
   102 | D:1      | Reached XP level 2. HP: 25/27 MP: 1/1
   876 | D:2      | Reached XP level 3. HP: 35/35 MP: 2/2
   884 | D:2      | You add the spells Ignite Poison, Sticky Flame and Ignition
                  | to your library.
   955 | D:2      | You pick up a book of Geomancy and begin reading...
   955 | D:2      | You add the spells Sandblast, Passwall, Stone Arrow and
                  | Brom's Barrelling Boulder to your library.
  1109 | D:2      | Reached skill level 2 in Fighting
  1258 | D:2      | Reached skill level 4 in Unarmed Combat
  1342 | D:2      | You pick up a book of Conjurations and begin reading...
  1342 | D:2      | You add the spells Magic Dart, Searing Ray and Fulminant
                  | Prism to your library.
  1452 | D:2      | Reached XP level 4. HP: 30/42 MP: 3/3
  1823 | D:3      | Reached XP level 5. HP: 33/52 MP: 4/4
  1949 | D:3      | Found a faded altar of an unknown god.
  1959 | D:3      | Reached skill level 3 in Fighting
  2381 | D:4      | Noticed an ogre
  2385 | D:4      | Reached skill level 5 in Unarmed Combat
  2387 | D:4      | Killed an ogre
  2388 | D:4      | Reached XP level 6. HP: 61/62 MP: 5/5
  2498 | D:4      | Reached skill level 4 in Fighting
  2569 | D:4      | You pick up a book of Party Tricks and begin reading...
  2569 | D:4      | You add the spells Apportation, Jinxbite and Alistair's
                  | Intoxication to your library.
  2853 | D:4      | Reached skill level 6 in Unarmed Combat
  2853 | D:4      | Reached XP level 7. HP: 69/71 MP: 6/6
  2881 | D:4      | Identified the +3 robe "Kijimuet" {rN+}
  2988 | D:5      | Entered Level 5 of the Dungeon
  3054 | D:5      | Noticed Ijyb
  3072 | D:5      | HP: 17/71 [poisoned by Ijyb]
  3073 | D:5      | Noticed Eustachio
  3076 | D:5      | HP: 1/71 [disintegration (9)]
  3082 | D:4      | HP: 3/106 [poisoned by Ijyb]
  3287 | D:5      | Killed Eustachio
  3288 | D:5      | Reached skill level 5 in Fighting
  3288 | D:5      | Reached skill level 7 in Unarmed Combat
  3340 | D:5      | HP: 17/72 [gnoll/+1 spear of venom (2)]
  3345 | D:5      | HP: 16/72 [poisoned by a gnoll]
  3346 | D:5      | HP: 5/72 [poisoned by a gnoll]
  3351 | D:5      | HP: 5/108 [poisoned by a gnoll]
  3352 | D:5      | HP: 1/108 [poisoned by a gnoll]
  3353 | D:5      | Succumbed to a gnoll's poison

Vanquished Creatures
  Eustachio (D:5)
  A black bear (D:4)
  An ogre (D:4)
  A phantom (D:5)
  2 scorpions
  A howler monkey (D:5)
  A jelly (D:4)
  A hound (D:5)
  An orc priest (D:4)
  2 orc wizards (D:4)
  14 gnolls
  7 adders
  An ufetubus (D:5)
  2 worms (D:2)
  A dart slug (D:1)
  9 orcs
  3 bats
  10 endoplasms
  2 giant cockroaches
  12 goblins
  7 hobgoblins
  7 jackals
  3 quokkas
  5 ball pythons
  7 frilled lizards
  5 kobolds
  5 rats
112 creatures vanquished.

Table legend:
 A = Non-vault XP
 B = Vault XP
 C = Vault XP percentage of total XP
 D = Non-vault monster count
 E = Vault monster count
 F = Vault count percentage of total count
                 A         B        C        D         E       F
            +---------+---------+-------+---------+---------+-------
      Total |    1204 |     211 |  14.9 |     109 |       3 |   2.7
            +---------+---------+-------+---------+---------+-------
        D:1 |      40 |       0 |   0.0 |      23 |       0 |   0.0
        D:2 |     103 |       3 |   2.8 |      22 |       2 |   8.3
        D:3 |     138 |       0 |   0.0 |      24 |       0 |   0.0
        D:4 |     541 |       0 |   0.0 |      27 |       0 |   0.0
        D:5 |     382 |     208 |  35.3 |      13 |       1 |   7.1
            +---------+---------+-------+---------+---------+-------

Skill      XL: |  1  2  3  4  5  6  7 |
---------------+----------------------+-----
Fighting       | 1 2 3 4 5 |  5.3
Unarmed Combat | 4 5 6 7 |  7.1
Dodging        | |  1.5
Shapeshifting  | |  3.0

Action                     |  1- 3 |  4- 6 |  7- 9 || total
---------------------------+-------+-------+-------++-------
  Melee: Unarmed           |    96 |   102 |    65 ||   263
         Punch             |     3 |     5 |     2 ||    10
    Use: Potion            |       |       |     6 ||     6
         Scroll            |       |       |     4 ||     4
   Stab: Sleeping          |     1 |     4 |       ||     5
 Armour: Animal skin       |    51 |    61 |     6 ||   118
         Robe              |       |       |    63 ||    63
         Skin              |       |       |     6 ||     6
  Dodge: Dodged            |    39 |    37 |    53 ||   129

Illustrated notes

Table legend:
 A = Kills in this place as a percentage of kills in the entire game.
 B = Kills by you in this place as a percentage of kills by you in the entire game.
 C = Kills by friends in this place as a percentage of kills by friends in the entire game.
 D = Other kills in this place as a percentage of other kills in the entire game.
 E = Experience gained in this place as a percentage of experience gained in the entire game.
 F = Experience gained in this place divided by the number of levels of this place that you have seen.
                   A       B       C       D       E      F
               +-------+-------+-------+-------+-------+----------------------
         Total | 100.0 | 100.0 |   N/A |   N/A | 100.0 | 283.0
       Dungeon | 100.0 | 100.0 |   N/A |   N/A | 100.0 | 283.0
               +-------+-------+-------+-------+-------+----------------------

Table legend: (Time is in decaauts)
 A = Elapsed time spent in this place.
 B = Non-inter-level travel time spent in this place.
 C = Inter-level travel time spent in this place.
 D = Time resting spent in this place.
 E = Time spent auto-exploring this place.
 F = Levels seen in this place.
 G = Mean time per level.
                   A        B        C        D        E       F      G
               +--------+--------+--------+--------+--------+-----+--------+
         Total |   3311 |   3082 |    229 |     64 |   2094 |   5 |  662.2 |
       Dungeon |   3311 |   3082 |    229 |     64 |   2094 |   5 |  662.2 |
               +--------+--------+--------+--------+--------+-----+--------+

Top non-repeatable levels by time:
     D:2: 898 daAuts
     D:1: 844 daAuts
     D:4: 724 daAuts
     D:3: 612 daAuts
     D:5: 231 daAuts
